 Dungeon Crawl Stone Soup version 0.28.0 (webtiles) character file.

Game seed: 500578111882845569

1 RighteousDevil the Skirmisher (level 1, -2/18 HPs)
             Began as a Demonspawn Cinder Acolyte on Feb 5, 2022.
             Was a High Priest of Ignis.
             Slain by a gnoll (4 damage)
             ... on level 1 of the Dungeon.
             The game lasted 00:00:15 (171 turns).

RighteousDevil the Skirmisher (DsCA)                 Turns: 171, Time: 00:00:15

Health: -2/18      AC:  2    Str: 14    XL:     1   Next: 16%
Magic:  2/2        EV:  8    Int: 15    God:    Ignis [*****.]
Gold:   15         SH:  0    Dex:  8    Spells: 2/2 levels left

rFire   + . .      SeeInvis .   a - -1 falchion (flame)
rCold   . . .      Faith    .   (no shield)
rNeg    . . .      Spirit   .   b - +0 robe
rPois   .          Reflect  .   (no helmet)
rElec   .          Harm     .   (no cloak)
rCorr   .          Rampage  .   (no gloves)
Will    .....                   (no boots)
Stlth   +.........              (no amulet)
HPRegen 0.06/turn               (no ring)
MPRegen 0.08/turn               (no ring)

@: constricted
A: no striking features
a: Renounce Religion, Fiery Armour, Foxfire Swarm, Rising Flame


You were on level 1 of the Dungeon.
You worshipped Ignis.
Ignis was extremely pleased with you.
You visited 1 branch of the dungeon, and saw 1 of its levels.

You collected 15 gold pieces.

Inventory:

Hand Weapons
 a - a -1 falchion of flaming (weapon)
Armour
 b - a +0 robe (worn)
Scrolls
 c - a scroll of noise {unknown}


   Skills:
 - Level 3.0 Fighting
 + Level 2.7 Long Blades
 + Level 1.0 Spellcasting
 + Level 2.7 Fire Magic


You had 2 spell levels left.
You didn't know any spells.
Your spell library contained the following spells:

 Spells                   Type           Power      Damage    Failure   Level
 Scorch                   Fire           16%        2d5       12%         2


Dungeon Overview and Level Annotations

Branches:
Dungeon (1/15)

Altars:


Message History

The hobgoblin shouts!
The hobgoblin barely misses you.
You closely miss the hobgoblin. The hobgoblin hits you.
You hit the hobgoblin but do no damage. The hobgoblin hits you.
You hit the hobgoblin. You burn the hobgoblin.
The hobgoblin is almost dead.
The hobgoblin closely misses you.
You hit the hobgoblin. You burn the hobgoblin.
You kill the hobgoblin!
No target in view!
No target in view!
HP restored.
c - a scroll labelled ABRAG MOMENINITUWK
As you read the scroll labelled ABRAG MOMENINITUWK, it crumbles to dust.
The air around you briefly surges with heat, but it dissipates.
It was a scroll of immolation.
c - a scroll labelled ZEAREI CAFI A gnoll comes into view.
It is wielding a +0 spear.
The gnoll shouts!
You hear a shout!
The gnoll barely misses you.
A ball python comes into view.
The gnoll hits you with a +0 spear.
You closely miss the gnoll. The gnoll misses you.
You closely miss the gnoll. The gnoll barely misses you.
The ball python closely misses you. The ball python grabs you.
The ball python constricts you. The ball python barely misses you.
The ball python constricts you. The gnoll barely misses you.
You closely miss the ball python. The ball python closely misses you.
The ball python constricts you. The gnoll hits you with a +0 spear.
You are too injured to fight recklessly!
You are too injured to fight recklessly!
You escape the ball python's grasp.
The gnoll hits you from afar with a +0 spear.
* * * LOW HITPOINT WARNING * * *
You barely miss the ball python. The ball python bites you.
* * * LOW HITPOINT WARNING * * *
The ball python grabs you. The ball python constricts you.
* * * LOW HITPOINT WARNING * * *
The gnoll hits you from afar with a +0 spear.
You die...

#......# ####.#..#.#
..#....#.# ######.##...#.#
#....#.#....#.#
#.##.#....#.#.#
#.##.##...#.#.#
#...........#.#
####@##.#####.######
#S##............#
...#.####g#############.##
#........# #......#
#.......## #.####.#
#..####.# #.# #. #.# #..
#.# #####' #.# #.....


You could see a gnoll and a ball python.

Vanquished Creatures
  A hobgoblin (D:1)
1 creature vanquished.

Notes
Turn   | Place    | Note
-------+----------+-------------------------------------------
     0 | D:1      | RighteousDevil the Demonspawn Cinder Acolyte began the
                  | quest for the Orb.
     0 | D:1      | Reached XP level 1. HP: 18/18 MP: 2/2
   171 | D:1      | Slain by a gnoll

Illustrated notes

Levels and vault maps discovered:
D:1:      mushboom_english_gardens, layout_basic, minmay_octomino_c4

Action                   || total
-------------------------++-------
Melee: Falchion          ||     8
  Use: Scroll            ||     1
Dodge: Dodged            ||     9
